3AA
BETHESDA ATOMS @ SQUIRREL HILL PIEROGIS
05/29/2042
 
TOP OF THE 1ST
Bethesda Atoms batting - Pitching for Squirrel Hill Pierogis : LHP Yasunobu Suisha
Pitching: LHP Yasunobu Suisha
Batting: RHB Xiao-yong Chu 0-0: Ball
1-0: Ball
2-0: Ball
3-0: Called Strike
3-1: Called Strike
3-2: Fly out, F8 (Flyball, 8LXD, EV 87.5 MPH)
Batting: RHB Byron Shadix 0-0: Fly out, F7 (Flyball, 78S, EV 76.9 MPH)
Batting: RHB Pancho Hernández 0-0: Called Strike
0-1: Ball
1-1: Swinging Strike
1-2: Foul Ball, location: 2F
1-2: Fly out, F8 (Flyball, 8LS, EV 88.1 MPH)
Top of the 1st over - 0 runs, 0 hits, 0 errors, 0 left on base; Bethesda 0 - Squirrel Hill 0
BOTTOM OF THE 1ST
Squirrel Hill Pierogis batting - Pitching for Bethesda Atoms : RHP Bartolo Cardona
Pitching: RHP Bartolo Cardona
Batting: RHB Ryan McCarty 0-0: SINGLE (Line Drive, 6MD, EV 95.0 MPH)
Batting: RHB Franck Morel 0-0: Fly out, F9 (Flyball, 89S, EV 86.9 MPH)
Batting: SHB Aubrey Magee 0-0: Called Strike
0-1: Ball
1-1: Ball
2-1: Ball
3-1: Called Strike
3-2: Base on Balls
Ryan McCarty to second
Batting: SHB Rodrigo Santana 0-0: Fielders Choice at 2nd, 4-6 (Groundball, 34, EV 81.2 MPH)
Ryan McCarty to third
Batting: RHB Ed Tinker 0-0: Ball
1-0: Ball
2-0: Foul Ball, location: 2F
2-1: Fly out, F8 (Flyball, 8LD, EV 106.9 MPH)
Bottom of the 1st over - 0 runs, 1 hit, 0 errors, 2 left on base; Bethesda 0 - Squirrel Hill 0
TOP OF THE 2ND
Bethesda Atoms batting - Pitching for Squirrel Hill Pierogis : LHP Yasunobu Suisha
Batting: LHB Vicente Torres 0-0: Ball
1-0: DOUBLE (Line Drive, 7LM, EV 106.9 MPH)
Batting: RHB Scipione Borghese 0-0: Ball
1-0: SINGLE (Groundball, 56D, EV 102.5 MPH)
Vicente Torres to third
Runner from 3rd tries for Home, SAFE, no throw by LF
Batting: LHB Ayub Kuthakwakulu 0-0: Called Strike
0-1: Ball
1-1: Foul Ball, location: 2F
1-2: TRIPLE (Flyball, 8LXD, EV 98.8 MPH)
Scipione Borghese scores
Batting: RHB Jorge Gardella 0-0: Ball
1-0: Called Strike
1-1: Ball
2-1: SINGLE (Groundball, 25, EV 74.4 MPH) (infield hit)
Batting: LHB Xiao-gang Qing 0-0: Ball
1-0: Swinging Strike
1-1: Swinging Strike
1-2: Ball
2-2: Strikes out swinging
Batting: LHB Manny Medina 0-0: Called Strike
0-1: Ball
1-1: Called Strike
1-2: Strikes out looking
Batting: RHB Xiao-yong Chu 0-0: Ball
1-0: Foul Ball, location: 2F
1-1: Ground out U3 (Groundball, 3L, EV 89.4 MPH)
Top of the 2nd over - 2 runs, 4 hits, 0 errors, 2 left on base; Bethesda 2 - Squirrel Hill 0
BOTTOM OF THE 2ND
Squirrel Hill Pierogis batting - Pitching for Bethesda Atoms : RHP Bartolo Cardona
Batting: LHB Todd Hunter 0-0: Ground out 1-3 (Groundball, 15S, EV 76.9 MPH)
Batting: RHB Cristóbal Arteaga 0-0: Ball
1-0: Ball
2-0: Ball
3-0: Called Strike
3-1: Foul Ball, location: 2F
3-2: Foul Ball, location: 2F
3-2: Foul Ball, location: 2F
3-2: Ground out 3-1 (Groundball, 34, EV 88.1 MPH)
Batting: RHB David Ferris 0-0: Called Strike
0-1: Called Strike
0-2: Ball
1-2: Strikes out looking
Bottom of the 2nd over - 0 runs, 0 hits, 0 errors, 0 left on base; Bethesda 2 - Squirrel Hill 0
TOP OF THE 3RD
Bethesda Atoms batting - Pitching for Squirrel Hill Pierogis : LHP Yasunobu Suisha
Batting: RHB Byron Shadix 0-0: Ground out 4-3 (Groundball, 4S, EV 86.2 MPH)
Batting: RHB Pancho Hernández 0-0: SINGLE (Groundball, P, EV 66.2 MPH) (infield hit)
Batting: LHB Vicente Torres 0-0: Ball
Pancho Hernández steals 2nd base
1-0: SINGLE (Groundball, 6MD, EV 104.4 MPH)
Pancho Hernández to third
Runner from 3rd tries for Home, SAFE, throw by CF to home
Batting: RHB Scipione Borghese 0-0: Ball
1-0: Ball
2-0: Ball
3-0: Called Strike
3-1: Swinging Strike
3-2: Foul Ball, location: 2F
3-2: Reached on error, E9 (Flyball, 9S, EV 91.2 MPH)
Vicente Torres to second
Batting: LHB Ayub Kuthakwakulu 0-0: Called Strike
0-1: Ball
1-1: Ball
2-1: Foul Ball, location: 2F
2-2: Strikes out swinging
Batting: RHB Jorge Gardella 0-0: Ball
1-0: Called Strike
1-1: Foul Ball, location: 2F
1-2: Foul Ball, location: 2F
1-2: Foul Ball, location: 2F
1-2: Ball
2-2: Fielders Choice at 2nd, 5-4 (Groundball, 5, EV 87.5 MPH)
Top of the 3rd over - 1 run, 2 hits, 1 error, 2 left on base; Bethesda 3 - Squirrel Hill 0
BOTTOM OF THE 3RD
Squirrel Hill Pierogis batting - Pitching for Bethesda Atoms : RHP Bartolo Cardona
Batting: RHB Si-xun Jin 0-0: Called Strike
0-1: Ball
1-1: Foul Ball, location: 2F
1-2: Foul Ball, location: 2F
1-2: DOUBLE (Flyball, 8RXD, EV 97.5 MPH)
Batting: RHB Ryan McCarty 0-0: Ball
1-0: Ball
2-0: Called Strike
2-1: Ball
Wild Pitch!
Si-xun Jin to third
3-1: Base on Balls
Batting: RHB Franck Morel 0-0: Ball
1-0: Grounds into double play, 1-4-3 (Groundball, 15S, EV 64.4 MPH)
Batting: SHB Aubrey Magee 0-0: Ball
1-0: Ball
2-0: Ball
3-0: Called Strike
3-1: Fly out, F3 (Popup, 3F, EV 70.6 MPH)
Bottom of the 3rd over - 0 runs, 1 hit, 0 errors, 1 left on base; Bethesda 3 - Squirrel Hill 0
TOP OF THE 4TH
Bethesda Atoms batting - Pitching for Squirrel Hill Pierogis : LHP Yasunobu Suisha
Batting: LHB Xiao-gang Qing 0-0: Called Strike
0-1: Fly out, F9 (Flyball, 89D, EV 97.5 MPH)
Batting: LHB Manny Medina 0-0: Ball
1-0: Ball
2-0: Ball
3-0: Base on Balls
Batting: RHB Xiao-yong Chu 0-0: Called Strike
0-1: Ball
1-1: Fielders Choice at 2nd, 2-4 (Groundball, 2L, EV 70.0 MPH)
Batting: RHB Byron Shadix 0-0: Called Strike
0-1: Ball
1-1: Swinging Strike
1-2: Foul Ball, location: 2F
1-2: Foul Ball, location: 2F
1-2: Ball
2-2: Strikes out swinging
Top of the 4th over - 0 runs, 0 hits, 0 errors, 1 left on base; Bethesda 3 - Squirrel Hill 0
BOTTOM OF THE 4TH
Squirrel Hill Pierogis batting - Pitching for Bethesda Atoms : RHP Bartolo Cardona
Batting: SHB Rodrigo Santana 0-0: Ball
1-0: Ball
2-0: Fly out, F9 (Flyball, 9, EV 91.9 MPH)
Batting: RHB Ed Tinker 0-0: Called Strike
0-1: Ball
1-1: Ball
2-1: Called Strike
2-2: Strikes out swinging
Batting: LHB Todd Hunter 0-0: Ball
1-0: Ball
2-0: Called Strike
2-1: Foul Ball, location: 2F
2-2: Ball
3-2: Base on Balls
Batting: RHB Cristóbal Arteaga 0-0: Ball
1-0: Foul Ball, location: 2F
Pickoff Throw to First - Out! 1-3
Bottom of the 4th over - 0 runs, 0 hits, 0 errors, 0 left on base; Bethesda 3 - Squirrel Hill 0
TOP OF THE 5TH
Bethesda Atoms batting - Pitching for Squirrel Hill Pierogis : LHP Yasunobu Suisha
Batting: RHB Pancho Hernández 0-0: Foul Ball, location: 2F
0-1: Ball
1-1: Ball
2-1: Ball
3-1: SINGLE (Line Drive, 78M, EV 94.4 MPH)
Batting: LHB Vicente Torres 0-0: Ball
1-0: Foul Ball, location: 2F
1-1: Ball
2-1: Fielders Choice at 2nd, 4-6 (Groundball, 4, EV 86.2 MPH)
Batting: RHB Scipione Borghese 0-0: Ball
1-0: Called Strike
1-1: Fielders Choice at 2nd, 1-6 (Groundball, 34S, EV 90.0 MPH)
Batting: LHB Ayub Kuthakwakulu 0-0: Called Strike
0-1: Called Strike
0-2: Ball
Scipione Borghese steals 2nd base
1-2: Ball
2-2: Ball
3-2: Base on Balls
Batting: RHB Jorge Gardella 0-0: Fly out, F7 (Flyball, 7D, EV 85.0 MPH)
Top of the 5th over - 0 runs, 1 hit, 0 errors, 2 left on base; Bethesda 3 - Squirrel Hill 0
BOTTOM OF THE 5TH
Squirrel Hill Pierogis batting - Pitching for Bethesda Atoms : RHP Bartolo Cardona
Batting: RHB Cristóbal Arteaga 0-0: Called Strike
0-1: Foul Ball, location: 2F
0-2: Strikes out looking
Batting: RHB David Ferris 0-0: Ball
1-0: Foul Ball, location: 2F
1-1: Ball
2-1: DOUBLE (Line Drive, 8RXD, EV 103.8 MPH)
Batting: RHB Si-xun Jin 0-0: Ball
1-0: Ground out 4-3 (Groundball, 4, EV 85.0 MPH)
David Ferris to third
Batting: RHB Ryan McCarty 0-0: Called Strike
0-1: Ground out 5-3 (Groundball, 5S, EV 94.4 MPH)
Bottom of the 5th over - 0 runs, 1 hit, 0 errors, 1 left on base; Bethesda 3 - Squirrel Hill 0
TOP OF THE 6TH
Bethesda Atoms batting - Pitching for Squirrel Hill Pierogis : LHP Yasunobu Suisha
Batting: LHB Xiao-gang Qing 0-0: Called Strike
0-1: Ball
1-1: Called Strike
1-2: Ball
2-2: Ball
3-2: Ground out 5-3 (Groundball, 5, EV 102.5 MPH)
Pitching: RHP Paul Love
Batting: LHB Manny Medina 0-0: Ball
1-0: Ground out 6-3 (Groundball, 6, EV 84.4 MPH)
Batting: RHB Xiao-yong Chu 0-0: Called Strike
0-1: Ball
1-1: Ball
2-1: Ground out 5-3 (Groundball, 5L, EV 84.4 MPH)
Top of the 6th over - 0 runs, 0 hits, 0 errors, 0 left on base; Bethesda 3 - Squirrel Hill 0
BOTTOM OF THE 6TH
Squirrel Hill Pierogis batting - Pitching for Bethesda Atoms : RHP Bartolo Cardona
Batting: RHB Franck Morel 0-0: Ball
1-0: Foul Ball, location: 2F
1-1: Foul Ball, location: 2F
1-2: Ball
2-2: Ball
3-2: Fly out, F9 (Flyball, 89S, EV 93.8 MPH)
Batting: SHB Aubrey Magee 0-0: Ball
1-0: Ball
2-0: Called Strike
2-1: Ball
3-1: Foul Ball, location: 2F
3-2: Foul Ball, location: 2F
3-2: Foul Ball, location: 2F
3-2: Strikes out looking
Batting: SHB Rodrigo Santana 0-0: Called Strike
0-1: Swinging Strike
0-2: Ball
1-2: Ball
2-2: Ball
3-2: Fly out, F8 (Flyball, 8RD, EV 95.6 MPH)
Bottom of the 6th over - 0 runs, 0 hits, 0 errors, 0 left on base; Bethesda 3 - Squirrel Hill 0
TOP OF THE 7TH
Bethesda Atoms batting - Pitching for Squirrel Hill Pierogis : RHP Paul Love
Batting: RHB Byron Shadix 0-0: Swinging Strike
0-1: Ball
1-1: Ball
2-1: Foul Ball, location: 2F
2-2: Strikes out looking
Batting: RHB Pancho Hernández 0-0: Called Strike
0-1: Swinging Strike
0-2: Ball
1-2: SINGLE (Groundball, 6MD, EV 104.4 MPH)
Batting: LHB Vicente Torres 0-0: Ball
1-0: Called Strike
1-1: Fly out, F7 (Flyball, 7, EV 85.6 MPH)
Batting: RHB Scipione Borghese 0-0: SINGLE (Flyball, 7S, EV 92.5 MPH)
Pancho Hernández to second
Batting: LHB Ayub Kuthakwakulu 0-0: Called Strike
0-1: Swinging Strike
0-2: Ball
1-2: Strikes out swinging
Top of the 7th over - 0 runs, 2 hits, 0 errors, 2 left on base; Bethesda 3 - Squirrel Hill 0
BOTTOM OF THE 7TH
Squirrel Hill Pierogis batting - Pitching for Bethesda Atoms : RHP Bartolo Cardona
Batting: RHB Ed Tinker 0-0: Ball
1-0: Fly out, F8 (Flyball, 8RS, EV 88.1 MPH)
Batting: LHB Todd Hunter 0-0: Ground out 6-3 (Groundball, 6, EV 91.2 MPH)
Batting: RHB Cristóbal Arteaga 0-0: Fly out, F4 (Popup, 23, EV 90.0 MPH)
Bottom of the 7th over - 0 runs, 0 hits, 0 errors, 0 left on base; Bethesda 3 - Squirrel Hill 0
TOP OF THE 8TH
Bethesda Atoms batting - Pitching for Squirrel Hill Pierogis : RHP Paul Love
Batting: RHB Jorge Gardella 0-0: Ball
1-0: Swinging Strike
1-1: Ball
2-1: Foul Ball, location: 2F
2-2: Strikes out looking
Batting: LHB Xiao-gang Qing 0-0: Foul Ball, location: 2F
0-1: Swinging Strike
0-2: Strikes out swinging
Batting: LHB Manny Medina 0-0: Ball
1-0: Ground out 4-3 (Groundball, 4M, EV 96.9 MPH)
Top of the 8th over - 0 runs, 0 hits, 0 errors, 0 left on base; Bethesda 3 - Squirrel Hill 0
BOTTOM OF THE 8TH
Squirrel Hill Pierogis batting - Pitching for Bethesda Atoms : RHP Bartolo Cardona
Pitching: RHP Alco Roelofs
Batting: RHB David Ferris 0-0: Called Strike
0-1: Ground out 6-3 (Groundball, 6, EV 114.4 MPH)
Pitching: RHP Chris Sanders
Batting: RHB Si-xun Jin 0-0: Ball
1-0: Swinging Strike
1-1: Foul Ball, location: 2F
1-2: Foul Ball, location: 2F
1-2: Strikes out looking
Batting: RHB Ryan McCarty 0-0: Swinging Strike
0-1: Ball
1-1: Foul Ball, location: 2F
1-2: Ball
2-2: Foul Ball, location: 2F
2-2: Ball
3-2: Ground out 5-3 (Groundball, 56, EV 90.6 MPH)
Bottom of the 8th over - 0 runs, 0 hits, 0 errors, 0 left on base; Bethesda 3 - Squirrel Hill 0
TOP OF THE 9TH
Bethesda Atoms batting - Pitching for Squirrel Hill Pierogis : RHP Paul Love
Batting: RHB Xiao-yong Chu 0-0: Ball
1-0: Foul Ball, location: 2F
1-1: Swinging Strike
1-2: Ground out 5-3 (Groundball, 5, EV 86.2 MPH)
Batting: RHB Byron Shadix 0-0: Foul Ball, location: 2F
0-1: Ball
1-1: Ball
2-1: Ball
3-1: Foul Ball, location: 2F
3-2: Strikes out swinging, 2-3 out at first.
Batting: RHB Pancho Hernández 0-0: Foul Ball, location: 2F
0-1: Called Strike
0-2: Foul Ball, location: 2F
0-2: Ball
1-2: Strikes out swinging
Top of the 9th over - 0 runs, 0 hits, 0 errors, 0 left on base; Bethesda 3 - Squirrel Hill 0
BOTTOM OF THE 9TH
Squirrel Hill Pierogis batting - Pitching for Bethesda Atoms : RHP Chris Sanders
Pitching: RHP Myles Winters
Batting: RHB Franck Morel 0-0: Called Strike
0-1: Ground out 6-3 (Groundball, 56, EV 87.5 MPH)
Batting: SHB Aubrey Magee 0-0: Ball
1-0: Fly out, F9 (Flyball, 9S, EV 76.2 MPH)
Batting: SHB Rodrigo Santana 0-0: Foul Ball, location: 2F
0-1: Foul Ball, location: 2F
0-2: Ball
1-2: SINGLE (Popup, 6MD, EV 50.6 MPH)
Batting: RHB Ed Tinker 0-0: Ball
1-0: Ball
2-0: Called Strike
2-1: Foul Ball, location: 2F
2-2: Foul Ball, location: 2F
2-2: Strikes out swinging
Bottom of the 9th over - 0 runs, 1 hit, 0 errors, 1 left on base; Bethesda 3 - Squirrel Hill 0
Friday, March 26th, 2021 - OOTP Baseball 20.8 Build 74